 Dungeon Crawl Stone Soup version 0.23.2-30-g0e89c35649 (webtiles) character file.

Game seed: 15112425941465940377

2424 Andrea the Insei (level 9, -4/72 HPs)
             Began as an Octopode Transmuter on June 9, 2019.
             Was a Believer of Cheibriados.
             Shot with a sling bullet by Joseph (10 damage)
             ... on level 8 of the Dungeon on June 18, 2019.
             The game lasted 00:14:01 (6150 turns).

Andrea the Insei (Octopode Transmuter)              Turns: 6150, Time: 00:14:02

Health: -4/72      AC: 11    Str: 17    XL:     9   Next: 48%
Magic:  9/16       EV: 10    Int: 20    God:    Cheibriados [**....]
Gold:   374        SH:  0    Dex: 18    Spells: 7/17 levels left

rFire    x . .     SeeInvis .     - Unarmed
rCold    + + +     Gourm    .   (shield currently unavailable)
rNeg     . . .     Faith    .   (helmet currently unavailable)
rPois    +         Spirit   .   (no amulet)
rElec    .         Reflect  .   g - +5 ring of protection
rCorr    .         Harm     .   (no ring)
MR       .....                  (no ring)
Stlth    ++........             (no ring)
HPRegen  0.22/turn              (no ring)
MPRegen  0.15/turn              (no ring)
                                (no ring)
                                (no ring)

@: ice-form, very slightly contaminated, hasted, lightly drained, quick
A: large, almost no armour, stealthy swim, amphibious, 8 rings, (constrict 8)
a: End Transformation, Bend Time, Renounce Religion


You were on level 8 of the Dungeon.
You worshipped Cheibriados.
Cheibriados was pleased with you.
You were hungry.
You were a creature of crystalline ice.
You visited 2 branches of the dungeon, and saw 9 of its levels.

You collected 374 gold pieces.

Inventory:

Missiles
 a - 60 arrows
 z - 8 javelins (quivered)
Jewellery
 g - a +5 ring of protection (left front paw)
 u - an uncursed amulet of guardian spirit {unknown}
Wands
 r - a wand of disintegration (10)
 t - a wand of polymorph (9)
Scrolls
 d - a scroll of holy word {unknown}
 f - 8 scrolls of identify {unknown}
 h - 7 scrolls of remove curse {unknown}
 k - 3 scrolls of amnesia {unknown}
 l - 3 scrolls of magic mapping {unknown}
 o - a scroll of blinking {unknown}
 q - 2 scrolls of teleportation {unknown}
 w - a scroll of immolation {unknown}
 y - a scroll of noise {unknown}
 A - a scroll of random uselessness {unknown}
Potions
 b - 2 potions of curing {unknown}
 e - 2 potions of lignification {unknown}
 i - 2 potions of flight {unknown}
 j - 2 potions of haste
 m - a potion of brilliance {unknown}
 n - a potion of resistance {unknown}
 p - 2 potions of heal wounds {unknown}
 s - 2 potions of berserk rage {unknown}
 v - 2 potions of might {unknown}
 x - a potion of agility {unknown}
 B - a potion of cancellation {unknown}
Comestibles
 c - 12 rations


   Skills:
 + Level 4.8(4.2) Fighting
 - Level 2.0(1.4) Dodging
 * Level 7.4(6.8) Unarmed Combat
 + Level 4.7(4.2) Spellcasting
 * Level 7.0(6.4) Transmutations
 - Level 3.0(2.5) Ice Magic
 - Level 2.2(1.7) Poison Magic


You had 7 spell levels left.
You knew the following spells:

 Your Spells              Type           Power        Failure   Level  Hunger
a - Beastly Appendage     Tmut           ####..       1%          1    None
b - Sticks to Snakes      Tmut           ####....     1%          2    #......
c - Spider Form           Tmut/Pois      ###.......   7%          3    ###....
d - Ice Form              Ice/Tmut       ###.....     21%         4    ####...

Your spell library contained the following spells:

 Spells                   Type           Power        Failure   Level  Hunger
 Ensorcelled Hibernation  Hex/Ice        #.....       12%         2    #......
 Corona                   Hex            #......      13%         1    None
 Blade Hands              Tmut           ####......   24%         5    ######.
 Confuse                  Hex            #.......     36%         3    ###....
 Dazzling Spray           Conj/Hex       #.....       36%         3    ###....
 Tukima's Dance           Hex            #.......     36%         3    ###....


Dungeon Overview and Level Annotations

Branches:
Dungeon (8/15)             Temple (1/1) D:5
   Lair: D:8-11

Altars:
Cheibriados
Dithmenos
Elyvilon
Fedhas
Makhleb
Nemelex Xobeh
Okawaru
Qazlal
Ru
Sif Muna
Trog
Uskayaw
Vehumet
Wu Jian
Xom
Yredelemnul
Zin

Annotations:
D:4 3 runed translucent doors, Revguard's ghost, amateur GrFi
D:5 exclusion: jelly
D:8 Joseph


Innate Abilities, Weirdness & Mutations

You cannot wear most types of armour.
You are very stealthy in the water. (Stealth+)
You are amphibious.
You can wear up to eight rings at the same time.
((You can use your tentacles to constrict eight enemies at once.))
((Your skin changes colour to match your surroundings (Stealth+).))
((Your rubbery body absorbs attacks. (AC +1, EV +1)))


Message History

You hit Joseph. You freeze Joseph.
Joseph is heavily wounded.
Joseph hits you but does no damage. Space warps horribly around you!!
* * * LOW HITPOINT WARNING * * *
You hit Joseph. You freeze Joseph.
Joseph is heavily wounded.
Joseph hits you with a +2 quarterstaff of distortion.
* * * LOW HITPOINT WARNING * * *
You blink.
An orc comes into view. It is wielding a +0 flail.
The orc shouts!
You hear a shout!
You hear a bark! x2
Joseph unwields a +2 quarterstaff of distortion.
Its appearance distorts for a moment.
Joseph wields a +3 hunting sling of velocity.
Joseph shoots a sling bullet.
The sling bullet completely misses you.
You see here a sling bullet.
It was a potion of haste.
You feel yourself speed up.
Cheibriados forgives your accidental hurry, just this once.
Joseph shoots a sling bullet.
The sling bullet hits you!
You die...

...#. .#..
..o.# ....#
....
###.###.#.
#.........
#Y......#
###.#####.##
#....@......
#.#(#####.## #
#.#.# ##.
#..#...#.....
#....<........
#.###..#.#####
.. ..>#.#


You could see Joseph and an orc.

Vanquished Creatures
  Sigmund (D:5)
  Eustachio (D:5)
  2 orc warriors (D:6)
  3 phantoms
  3 ogres
  2 centaurs
  2 bullfrogs (D:6)
  3 wights (D:7)
  A howler monkey (D:6)
  4 crimson imps
  2 centaur zombies
  2 jellies (D:6)
  A bullfrog skeleton (D:7)
  A gnoll shaman (D:7)
  3 hounds
  Crazy Yiuf (D:2)
  An iguana (D:5)
  6 orc wizards
  2 worker ants (D:4)
  2 hound skeletons (D:5)
  A worker ant zombie (D:6)
  6 gnolls
  7 adders
  A shadow imp (D:5)
  An ooze (D:4)
  An adder skeleton (D:4)
  3 worms
  2 dart slugs
  4 leopard geckos
  18 orcs
  6 giant cockroaches
  11 goblins
  7 hobgoblins
  6 jackals
  4 quokkas
  11 bats
  7 frilled lizards
  5 kobolds
  A leopard gecko skeleton (D:6)
  A quokka skeleton (D:7)
  A quokka zombie (D:5)
  10 rats
157 creatures vanquished.

Vanquished Creatures (others)
  9 plants (D:6)
9 creatures vanquished.

Grand Total: 166 creatures vanquished

Notes
Turn   | Place    | Note
-------+----------+-------------------------------------------
     0 | D:1      | Andrea the Octopode Transmuter began the quest for the Orb.
     0 | D:1      | Reached XP level 1. HP: 13/13 MP: 3/3
    68 | D:1      | Reached XP level 2. HP: 10/18 MP: 3/5
   194 | D:1      | Learned a level 2 spell: Sticks to Snakes
   374 | D:1      | Reached XP level 3. HP: 21/23 MP: 4/6
   379 | D:1      | Learned a level 3 spell: Spider Form
   466 | D:1      | You fall through a shaft!
  1004 | D:2      | Reached XP level 4. HP: 27/29 MP: 5/7
  1107 | D:2      | Reached skill level 1 in Poison Magic
  1136 | D:2      | Found a blossoming altar of Fedhas.
  1210 | D:2      | Found a runed translucent door.
  1211 | D:2      | Noticed Crazy Yiuf
  1397 | D:2      | Killed Crazy Yiuf
  1637 | D:2      | Noticed an ogre
  1657 | D:2      | Killed an ogre
  1657 | D:2      | Reached XP level 5. HP: 34/34 MP: 2/8
  2080 | D:3      | Reached XP level 6. HP: 23/40 MP: 7/10
  2422 | D:4      | Noticed a phantom
  2464 | D:4      | Killed a phantom
  2750 | D:4      | Reached XP level 7. HP: 39/45 MP: 8/11
  2760 | D:4      | Learned a level 4 spell: Ice Form
  2920 | D:4      | Found a runed translucent gate.
  2921 | D:4      | Found a runed translucent gate.
  2922 | D:4      | Found a runed translucent gate.
  2922 | D:4      | Noticed Revguard's ghost (amateur GrFi)
  3123 | D:5      | Entered Level 5 of the Dungeon
  3131 | D:5      | Noticed Eustachio
  3150 | D:5      | Killed Eustachio
  3150 | D:5      | Reached skill level 5 in Unarmed Combat
  3150 | D:5      | Reached skill level 1 in Ice Magic
  3272 | D:5      | Noticed Sigmund
  3281 | D:5      | Killed Sigmund
  3297 | D:5      | Reached XP level 8. HP: 47/52 MP: 10/13
  3393 | D:5      | Reached skill level 5 in Transmutations
  3698 | D:5      | Found a staircase to the Ecumenical Temple.
  3710 | Temple   | Entered the Ecumenical Temple
  3732 | Temple   | Became a worshipper of Cheibriados the Contemplative
  4645 | D:6      | Found a sacrificial altar of Ru.
  4801 | D:6      | Found a white marble altar of Elyvilon.
  4956 | D:6      | Reached * piety under Cheibriados
  4965 | D:6      | Reached XP level 9. HP: 47/59 MP: 10/15
  5508 | D:7      | Reached ** piety under Cheibriados
  6139 | D:8      | Noticed Joseph
  6150 | D:8      | Shot with a sling bullet by Joseph

Skill      XL: |  1  2  3  4  5  6  7  8  9 |
---------------+----------------------------+-----
Poison Magic   | 2 |  2.2
Transmutations | 3 4 6 7 |  7.0
Fighting       | 2 3 4 |  4.8
Unarmed Combat | 4 5 6 7 |  7.4
Spellcasting   | 3 4 |  4.7
Ice Magic      | 2 3 |  3.0
Dodging        | |  2.0

Action                   |  1- 3 |  4- 6 |  7- 9 || total
-------------------------+-------+-------+-------++-------
Melee: Unarmed           |    69 |   135 |   230 ||   434
       Kick              |    18 |    14 |    16 ||    48
       Constrict         |    20 |    30 |    16 ||    66
       Tentacles         |     6 |    12 |    16 ||    34
       Punch             |     1 |     3 |     3 ||     7
 Cast: Beastly Appendage |    22 |    19 |    14 ||    55
       Spider Form       |       |     8 |    16 ||    24
       Ice Form          |       |       |     7 ||     7
 Abil: End Transformatio |       |       |     1 ||     1
  Use: Potion            |       |       |     1 ||     1
 Stab: Distracted        |     1 |       |     1 ||     2
       Sleeping          |       |     4 |     2 ||     6
  Eat: Chunk             |     1 |     7 |    12 ||    20
Armor: Skin              |    11 |    24 |    35 ||    70
Dodge: Dodged            |    43 |    83 |   127 ||   253
